TOP OF THE 1ST |
Oakland Athletics batting - Pitching for New York Yankees : RHP John Brice
|
Pitching: RHP John Brice
|
|
Batting: RHB Muneo Kawachi
|
0-0: Called Strike 0-1: Ball 1-1: Foul Ball, location: 2F 1-2: Strikes out swinging
|
Batting: LHB R.J. O'Brien
|
0-0: Foul Ball, location: 2F 0-1: Ground out 1-3 (Groundball, 13, EV 68.1 MPH)
|
Batting: RHB Randy Shrewsbury
|
0-0: Ball 1-0: Foul Ball, location: 2F 1-1: Ball 2-1: Foul Ball, location: 2F 2-2: DOUBLE (Line Drive, 5D, EV 98.1 MPH)
|
Batting: SHB Quincy Bradford
|
0-0: Called Strike 0-1: Ball 1-1: Fly out, F9 (Flyball, 9, EV 94.4 MPH)
|
Top of the 1st over - 0 runs, 1 hit, 0 errors, 1 left on base; Oakland 0 - New York 0 |
BOTTOM OF THE 1ST |
New York Yankees batting - Pitching for Oakland Athletics : RHP Franklin Rojas
|
Pitching: RHP Franklin Rojas
|
|
Batting: LHB Jordan de Jesus
|
0-0: Ball 1-0: Called Strike 1-1: Ball 2-1: SINGLE (Groundball, 34D, EV 83.1 MPH) (infield hit)
|
Batting: RHB Henri Cederberg
|
0-0: Ball 1-0: Called Strike 1-1: Ball 2-1: Fly out, F7 (Flyball, 78M, EV 86.9 MPH)
|
Batting: LHB Jim Skare
|
0-0: Called Strike Jordan de Jesus is caught stealing 2nd base 2-6 0-1: Ball 1-1: Ball 2-1: Foul Ball, location: 2F 2-2: Ground out 4-3 (Groundball, 34, EV 83.8 MPH)
|
Bottom of the 1st over - 0 runs, 1 hit, 0 errors, 0 left on base; Oakland 0 - New York 0 |
TOP OF THE 2ND |
Oakland Athletics batting - Pitching for New York Yankees : RHP John Brice
|
Batting: LHB Tom Butterbaugh
|
0-0: Called Strike 0-1: Ball 1-1: Ball 2-1: Ball 3-1: Base on Balls
|
Batting: RHB Tommy Baird
|
0-0: SINGLE (Flyball, 5D, EV 85.6 MPH) Tom Butterbaugh to second
|
Batting: SHB D.J. Codd
|
0-0: Sac Bunt to 25 - play at first, batter OUT! 5-3 Tom Butterbaugh to third Tommy Baird to second
|
Batting: RHB Nick Gentzel
|
0-0: Ball 1-0: Ball 2-0: Called Strike 2-1: Called Strike 2-2: Foul Ball, location: 2F 2-2: Strikes out swinging
|
Batting: LHB Al Hernandez
|
0-0: Ball 1-0: Ball 2-0: SINGLE (Line Drive, 89M, EV 103.1 MPH) Tom Butterbaugh scores Tommy Baird to third Runner from 3rd tries for Home, throw by RF and OUT! 9-2
|
Top of the 2nd over - 1 run, 2 hits, 0 errors, 1 left on base; Oakland 1 - New York 0 |
BOTTOM OF THE 2ND |
New York Yankees batting - Pitching for Oakland Athletics : RHP Franklin Rojas
|
Batting: RHB Adriaan Pieters
|
0-0: Called Strike 0-1: Called Strike 0-2: Ball 1-2: Foul Ball, location: 2F 1-2: Fly out, F8 (Line Drive, 8RD, EV 106.9 MPH)
|
Batting: RHB Jose Tovar
|
0-0: Ball 1-0: Foul Ball, location: 2F 1-1: Ball 2-1: Fly out, F7 (Flyball, 78D, EV 97.5 MPH)
|
Batting: RHB Shiro Suehiro
|
0-0: Ball 1-0: Fly out, F8 (Flyball, 8RM, EV 88.1 MPH)
|
Bottom of the 2nd over - 0 runs, 0 hits, 0 errors, 0 left on base; Oakland 1 - New York 0 |
TOP OF THE 3RD |
Oakland Athletics batting - Pitching for New York Yankees : RHP John Brice
|
Batting: RHB Muneo Kawachi
|
0-0: Ball 1-0: Ball 2-0: SINGLE (Groundball, 25, EV 70.0 MPH) (infield hit)
|
Batting: LHB R.J. O'Brien
|
0-0: Ball 1-0: Foul Ball, location: 2F 1-1: Ball 2-1: Reached on error, E4 (Groundball, 34, EV 90.6 MPH) Muneo Kawachi to second
|
Batting: RHB Randy Shrewsbury
|
0-0: Ball 1-0: Called Strike 1-1: SINGLE (Groundball, 5S, EV 64.4 MPH) (infield hit) Muneo Kawachi to third R.J. O'Brien to second
|
Batting: SHB Quincy Bradford
|
0-0: GRAND SLAM HOME RUN (Flyball, 9D, EV 96.9 MPH), Distance : 367 ft
|
Batting: LHB Tom Butterbaugh
|
0-0: Ball 1-0: Ball 2-0: Swinging Strike 2-1: Foul Ball, location: 2F 2-2: Strikes out swinging
|
Batting: RHB Tommy Baird
|
0-0: Ball 1-0: Ground out 6-3 (Groundball, 6D, EV 100.0 MPH)
|
Batting: SHB D.J. Codd
|
0-0: Ball 1-0: Fly out, F8 (Flyball, 8LM, EV 86.9 MPH)
|
Top of the 3rd over - 4 runs, 3 hits, 1 error, 0 left on base; Oakland 5 - New York 0 |
BOTTOM OF THE 3RD |
New York Yankees batting - Pitching for Oakland Athletics : RHP Franklin Rojas
|
Batting: RHB Russ Shambaugh
|
0-0: Called Strike 0-1: Foul Ball, location: 2F 0-2: Ball 1-2: Ground out 5-3 (Groundball, 5, EV 80.6 MPH)
|
Batting: LHB Joel Vera
|
0-0: Ball 1-0: Ball 2-0: Ground out 6-3 (Groundball, 6, EV 103.1 MPH)
|
Batting: RHB Geni Prawiranega
|
0-0: Ball 1-0: Ball 2-0: Ball 3-0: Called Strike 3-1: Base on Balls
|
Batting: LHB Jordan de Jesus
|
0-0: Ball 1-0: Called Strike 1-1: Foul Ball, location: 2F 1-2: Strikes out looking
|
Bottom of the 3rd over - 0 runs, 0 hits, 0 errors, 1 left on base; Oakland 5 - New York 0 |
TOP OF THE 4TH |
Oakland Athletics batting - Pitching for New York Yankees : RHP John Brice
|
Batting: RHB Nick Gentzel
|
0-0: Called Strike 0-1: Swinging Strike 0-2: Ball 1-2: Strikes out looking
|
Batting: LHB Al Hernandez
|
0-0: Ball 1-0: Ball 2-0: Foul Ball, location: 2F 2-1: Swinging Strike 2-2: Ball 3-2: SINGLE (Groundball, 56D, EV 98.8 MPH)
|
Pitching: RHP Bret Davies
|
|
Batting: RHB Muneo Kawachi
|
0-0: Called Strike 0-1: Foul Ball, location: 2F 0-2: Ball 1-2: Ball 2-2: Fly out, F4 (Popup, 3S, EV 76.9 MPH)
|
Batting: LHB R.J. O'Brien
|
0-0: Reached on error, E4 (Groundball, 4, EV 87.5 MPH) Al Hernandez to second
|
Batting: RHB Randy Shrewsbury
|
0-0: Ball 1-0: Ball 2-0: Called Strike 2-1: Swinging Strike 2-2: Strikes out swinging
|
Top of the 4th over - 0 runs, 1 hit, 1 error, 2 left on base; Oakland 5 - New York 0 |
BOTTOM OF THE 4TH |
New York Yankees batting - Pitching for Oakland Athletics : RHP Franklin Rojas
|
Batting: RHB Henri Cederberg
|
0-0: Swinging Strike 0-1: Foul Ball, location: 2F 0-2: Ball 1-2: Foul Ball, location: 2F 1-2: Foul Ball, location: 2F 1-2: Strikes out swinging
|
Batting: LHB Jim Skare
|
0-0: Called Strike 0-1: Swinging Strike 0-2: Strikes out looking
|
Batting: RHB Adriaan Pieters
|
0-0: Ball 1-0: SOLO HOME RUN (Flyball, 8LXD, EV 115.6 MPH), Distance : 436 ft
|
Batting: RHB Jose Tovar
|
0-0: Swinging Strike 0-1: Ball 1-1: SINGLE (Groundball, 56, EV 108.1 MPH)
|
Batting: RHB Shiro Suehiro
|
0-0: Ground out U3 (Groundball, 3S, EV 83.8 MPH)
|
Bottom of the 4th over - 1 run, 2 hits, 0 errors, 1 left on base; Oakland 5 - New York 1 |
TOP OF THE 5TH |
Oakland Athletics batting - Pitching for New York Yankees : RHP Bret Davies
|
Batting: SHB Quincy Bradford
|
0-0: Called Strike 0-1: Called Strike 0-2: Ground out 4-3 (Groundball, 4, EV 84.4 MPH)
|
Batting: LHB Tom Butterbaugh
|
0-0: Foul Ball, location: 2F 0-1: Swinging Strike 0-2: Hit by Pitch
|
Batting: RHB Tommy Baird
|
0-0: Foul Ball, location: 2F 0-1: Ball 1-1: Foul Ball, location: 2F 1-2: Strikes out swinging
|
Batting: SHB D.J. Codd
|
0-0: Ball 1-0: Ball 2-0: Called Strike 2-1: 2-RUN HOME RUN (Flyball, 8RXD, EV 101.9 MPH), Distance : 423 ft
|
Batting: RHB Nick Gentzel
|
0-0: Ball 1-0: SINGLE (Flyball, 7LS, EV 92.5 MPH)
|
Batting: LHB Al Hernandez
|
0-0: Ball 1-0: Foul Ball, location: 2F 1-1: Ball 2-1: Ball 3-1: Foul Ball, location: 2F 3-2: Foul Ball, location: 2F 3-2: Base on Balls Nick Gentzel to second
|
Batting: RHB Muneo Kawachi
|
0-0: SINGLE (Line Drive, 89M, EV 102.5 MPH) Nick Gentzel to third Al Hernandez to second Runner from 3rd tries for Home, SAFE, throw by CF to home
|
Batting: LHB R.J. O'Brien
|
0-0: Ball 1-0: 3-RUN HOME RUN (Flyball, 7D, EV 95.6 MPH), Distance : 386 ft
|
Pitching: RHP Chris McCoy
|
|
Batting: RHB Randy Shrewsbury
|
0-0: Ball 1-0: Ball 2-0: Foul Ball, location: 2F 2-1: Ball 3-1: Base on Balls
|
Batting: SHB Quincy Bradford
|
0-0: Ball 1-0: Swinging Strike 1-1: Foul Ball, location: 2F 1-2: Strikes out looking
|
Top of the 5th over - 6 runs, 4 hits, 0 errors, 1 left on base; Oakland 11 - New York 1 |
BOTTOM OF THE 5TH |
New York Yankees batting - Pitching for Oakland Athletics : RHP Franklin Rojas
|
Batting: RHB Russ Shambaugh
|
0-0: Ball 1-0: SINGLE (Line Drive, 78S, EV 96.9 MPH)
|
Batting: LHB Joel Vera
|
0-0: Grounds into double play, 4-6-3 (Groundball, 4M, EV 89.4 MPH)
|
Batting: RHB Geni Prawiranega
|
0-0: Called Strike 0-1: Ball 1-1: Ball 2-1: Foul Ball, location: 2F 2-2: Ground out 6-3 (Groundball, 6, EV 85.0 MPH)
|
Bottom of the 5th over - 0 runs, 1 hit, 0 errors, 0 left on base; Oakland 11 - New York 1 |
TOP OF THE 6TH |
Oakland Athletics batting - Pitching for New York Yankees : RHP Chris McCoy
|
Batting: LHB Tom Butterbaugh
|
0-0: Foul Ball, location: 2F 0-1: Foul Ball, location: 2F 0-2: Strikes out swinging
|
Batting: RHB Tommy Baird
|
0-0: Ball 1-0: Ball 2-0: Called Strike 2-1: Fly out, F8 (Flyball, 8RXD, EV 93.8 MPH)
|
Batting: SHB D.J. Codd
|
0-0: Ball 1-0: Called Strike 1-1: Ball 2-1: Swinging Strike 2-2: Strikes out swinging
|
Top of the 6th over - 0 runs, 0 hits, 0 errors, 0 left on base; Oakland 11 - New York 1 |
BOTTOM OF THE 6TH |
New York Yankees batting - Pitching for Oakland Athletics : RHP Franklin Rojas
|
Batting: LHB Jordan de Jesus
|
0-0: Ball 1-0: Ground out U3 (Groundball, 3, EV 85.0 MPH)
|
Batting: RHB Henri Cederberg
|
0-0: Fly out, F8 (Flyball, 8RD, EV 93.8 MPH)
|
Batting: LHB Jim Skare
|
0-0: Ball 1-0: Ball 2-0: Foul Ball, location: 2F 2-1: Foul Ball, location: 2F 2-2: Strikes out swinging
|
Bottom of the 6th over - 0 runs, 0 hits, 0 errors, 0 left on base; Oakland 11 - New York 1 |
TOP OF THE 7TH |
Oakland Athletics batting - Pitching for New York Yankees : RHP Chris McCoy
|
Batting: RHB Nick Gentzel
|
0-0: Called Strike 0-1: Ball 1-1: SINGLE (Flyball, 4D, EV 84.4 MPH)
|
Batting: LHB Al Hernandez
|
0-0: Called Strike 0-1: Grounds into double play, 3-6-1 (Groundball, 34, EV 95.6 MPH)
|
Batting: RHB Muneo Kawachi
|
0-0: Called Strike 0-1: Called Strike 0-2: Ball 1-2: Ball 2-2: Strikes out looking
|
Top of the 7th over - 0 runs, 1 hit, 0 errors, 0 left on base; Oakland 11 - New York 1 |
BOTTOM OF THE 7TH |
New York Yankees batting - Pitching for Oakland Athletics : RHP Franklin Rojas
|
Batting: RHB Adriaan Pieters
|
0-0: Called Strike 0-1: Foul Ball, location: 2F 0-2: Ball 1-2: Foul Ball, location: 2F 1-2: Foul Ball, location: 2F 1-2: Strikes out swinging
|
Batting: RHB Jose Tovar
|
0-0: Ball 1-0: DOUBLE (Line Drive, 7LM, EV 95.6 MPH)
|
Batting: RHB Shiro Suehiro
|
0-0: Ground out 5-3 (Groundball, 56, EV 78.8 MPH)
|
Batting: RHB Russ Shambaugh
|
0-0: Ball 1-0: Ball 2-0: SINGLE (Groundball, 56D, EV 95.6 MPH) Jose Tovar to third Runner from 3rd tries for Home, SAFE, throw by LF to home
|
Batting: LHB Joel Vera
|
0-0: Ball 1-0: Foul Ball, location: 2F 1-1: Foul Ball, location: 2F 1-2: Ball 2-2: Strikes out swinging
|
Bottom of the 7th over - 1 run, 2 hits, 0 errors, 1 left on base; Oakland 11 - New York 2 |
TOP OF THE 8TH |
Oakland Athletics batting - Pitching for New York Yankees : RHP Chris McCoy
|
Batting: LHB R.J. O'Brien
|
0-0: Foul Ball, location: 2F 0-1: Foul Ball, location: 2F 0-2: Fly out, F8 (Flyball, 89S, EV 95.6 MPH)
|
Batting: RHB Randy Shrewsbury
|
0-0: Ball 1-0: Ground out 2-3 (Groundball, 15S, EV 67.5 MPH)
|
Batting: SHB Quincy Bradford
|
0-0: Foul Ball, location: 2F 0-1: Fly out, F9 (Flyball, 89M, EV 82.5 MPH)
|
Top of the 8th over - 0 runs, 0 hits, 0 errors, 0 left on base; Oakland 11 - New York 2 |
BOTTOM OF THE 8TH |
New York Yankees batting - Pitching for Oakland Athletics : RHP Franklin Rojas
|
Batting: RHB Geni Prawiranega
|
0-0: Called Strike 0-1: Swinging Strike 0-2: Ball 1-2: Ground out 1-3 (Groundball, 13S, EV 68.1 MPH)
|
Batting: LHB Jordan de Jesus
|
0-0: Ball 1-0: Ball 2-0: Ball 3-0: Called Strike 3-1: Base on Balls
|
Pitching: RHP Elijah Everett
|
|
Batting: RHB Henri Cederberg
|
0-0: Grounds into double play, 4-6-3 (Groundball, 4, EV 103.1 MPH)
|
Bottom of the 8th over - 0 runs, 0 hits, 0 errors, 0 left on base; Oakland 11 - New York 2 |
TOP OF THE 9TH |
Oakland Athletics batting - Pitching for New York Yankees : RHP Chris McCoy
|
Pitching: RHP Isaias Chavez
|
|
Batting: LHB Tom Butterbaugh
|
0-0: Ball 1-0: Ball 2-0: Called Strike 2-1: Ball 3-1: Base on Balls
|
Batting: RHB Tommy Baird
|
0-0: Called Strike 0-1: Ball 1-1: Swinging Strike 1-2: Strikes out swinging
|
Batting: SHB D.J. Codd
|
0-0: Foul Ball, location: 2F 0-1: Foul Ball, location: 2F 0-2: Ball 1-2: Foul Ball, location: 2F 1-2: SINGLE (Line Drive, 56D, EV 100.0 MPH) Tom Butterbaugh to second
|
Batting: RHB Nick Gentzel
|
0-0: Ball 1-0: Grounds into double play, 5-4-3 (Groundball, 56, EV 93.1 MPH)
|
Top of the 9th over - 0 runs, 1 hit, 0 errors, 1 left on base; Oakland 11 - New York 2 |
BOTTOM OF THE 9TH |
New York Yankees batting - Pitching for Oakland Athletics : RHP Elijah Everett
|
Batting: LHB Jim Skare
|
0-0: Ball 1-0: Swinging Strike 1-1: Ball 2-1: Foul Ball, location: 2F 2-2: SOLO HOME RUN (Flyball, 9D, EV 98.1 MPH), Distance : 358 ft
|
Batting: RHB Adriaan Pieters
|
0-0: Called Strike 0-1: Ball 1-1: Ball 2-1: Foul Ball, location: 2F 2-2: Fly out, F9 (Line Drive, 89M, EV 105.0 MPH)
|
Batting: RHB Jose Tovar
|
0-0: Ground out 5-3 (Groundball, 56, EV 105.0 MPH)
|
Batting: RHB Shiro Suehiro
|
0-0: Called Strike 0-1: Ball 1-1: Ground out U3 (Groundball, 34S, EV 87.5 MPH)
|
Bottom of the 9th over - 1 run, 1 hit, 0 errors, 0 left on base; Oakland 11 - New York 3 |
|